 Dungeon Crawl Stone Soup version 0.29.1-1-gd02db6906a (webtiles) character file.

Game seed: 1665740503365776243

504 RogueRain17 the Slasher (level 6, -2/44 HPs)
             Began as a Demonspawn Gladiator on Sept 18, 2022.
             Slain by a killer bee (4 damage)
             ... on level 4 of the Dungeon.
             The game lasted 00:09:01 (3032 turns).

RogueRain17 the Slasher (Demonspawn Gladiator)      Turns: 3032, Time: 00:09:01

Health: -2/44      AC:  4    Str: 15 (16) XL:     6   Next: 96%
Magic:  6/6        EV: 13    Int:  7 (9)  God:
Gold:   216        SH:  0    Dex: 13 (15) Spells: 5/5 levels left

rFire   . . .      SeeInvis .   a - +0 long sword
rCold   + . .      Faith    .   (no shield)
rNeg    . . .      Spirit   .   b - +0 leather armour
rPois   .          Reflect  .   (helmet restricted)
rElec   .          Harm     .   (no cloak)
rCorr   .          Rampage  .   r - +0 pair of gloves
Will    .....                   (no boots)
Stlth   +.........              (no amulet)
HPRegen 0.94/turn               (no ring)
MPRegen 0.10/turn               (no ring)

@: flying
A: horns 1, demonic guardian 1, powered by death 1, cold resistance 1,
deterioration 1, regeneration 1
a: no special abilities


You were on level 4 of the Dungeon.
You visited 1 branch of the dungeon, and saw 4 of its levels.

You collected 216 gold pieces.

Inventory:

Hand Weapons
 a - a +0 long sword (weapon)
Missiles
 d - 2 throwing nets (quivered)
 e - a javelin
Armour
 b - a +0 leather armour (worn)
 c - a +0 helmet
 r - a +0 pair of gloves (worn)
Jewellery
 p - a +6 ring of intelligence
Scrolls
 f - 2 scrolls of teleportation
 g - 2 scrolls of vulnerability
 h - 3 scrolls of poison
 j - 2 scrolls of immolation {unknown}
 k - a scroll of noise {unknown}
 l - a scroll of silence
 s - 3 scrolls of enchant weapon {unknown}
Potions
 m - a potion of degeneration
 n - 3 potions of flight
 o - a potion of mutation
 q - 2 potions of might


   Skills:
 - Level 2.0 Fighting
 * Level 6.1 Long Blades
 - Level 1.7 Throwing
 + Level 4.6 Dodging


You had 5 spell levels left.
You didn't know any spells.
Your spell library contained the following spells:

 Spells                   Type           Power      Damage    Failure   Level
 Magic Dart               Conj           0%         1d3       50%         1
 Searing Ray              Conj           0%         2d4       65%         2
 Fulminant Prism          Conj/Hex       0%         3d6       99%         4


Dungeon Overview and Level Annotations

Branches:
Dungeon (4/15)
 Temple: D:4-7

Altars:


Innate Abilities, Weirdness & Mutations

You have a pair of small horns on your head.
A weak demonic guardian rushes to your aid.
You regenerate a little health from kills.
Your flesh is cold resistant. (rC+)
Your body sometimes deteriorates upon taking damage.
Your natural rate of healing is unusually fast.


Message History

* * * LOW HITPOINT WARNING * * *
A demonic guardian appears!
You swap places.
The killer bee stings your quasit.
Your quasit bites the killer bee.
Your quasit closely misses the killer bee.
Your quasit claws the killer bee.
The killer bee stings your quasit but does no damage.
It was a potion of degeneration.
There was something very wrong with that liquid.
You feel weakened.
You feel dopey.
You feel clumsy.
The killer bee completely misses your quasit.
Your quasit closely misses the killer bee.
Your quasit completely misses the killer bee.
Your quasit claws the killer bee.
The killer bee barely misses your quasit.
It was a potion of flight.
You feel very buoyant.
You fly up into the air.
The killer bee completely misses your quasit.
Your quasit misses the killer bee. x3; The killer bee stings your quasit!
Okay, then.
It was a potion of mutation.
You feel extremely strange.
You begin to heal more quickly.
You feel resistant to cold.
You feel yourself wasting away.
Your quasit misses the killer bee.
Your quasit barely misses the killer bee.
Your quasit claws the killer bee.
The killer bee barely misses your quasit.
Your quasit completely misses the killer bee.
Your quasit closely misses the killer bee.
Your quasit misses the killer bee. The killer bee misses your quasit.
The killer bee stings your quasit.
Your quasit dies!
Your quasit disappears in a puff of smoke!
You barely miss the killer bee.
The killer bee is severely wounded.
The killer bee stings you!
* * * LOW HITPOINT WARNING * * *
The killer bee stings you.
You die...

..# ...... ..# ###
...... ..# #.## #......
..####..# ##y......
....##..## ##........
.##..##..## #..#
...#......### ####.##
...#####....# #.yyy#
#..### #..#.# #@####
#....#
##...####.####...
##.#.##
#.....#.?....... #.#..#
##....>......#..
#.##.###.....#..###....
....
#.##..##........### ..#
....
#.###....)#........ ##
#....
##.....#..##....####..#
####.....
...#.####.##.....)##...
........


You could see 3 killer bees.

Vanquished Creatures
  Grinder (D:3)
  Edmund (D:4)
  A killer bee (D:4)
  Terence (D:2)
  4 adders
  2 worms
  A dart slug (D:3)
  5 orcs
  5 bats
  8 endoplasms
  3 giant cockroaches
  10 goblins
  13 hobgoblins
  A quokka (D:1)
  6 ball pythons
  6 frilled lizards
  5 kobolds
  9 rats
82 creatures vanquished.

Vanquished Creatures (others)
  5 toadstools (D:1)
5 creatures vanquished.

Grand Total: 87 creatures vanquished

Notes
Turn   | Place    | Note
-------+----------+-------------------------------------------
     0 | D:1      | RogueRain17 the Demonspawn Gladiator began the quest for
                  | the Orb.
     0 | D:1      | Reached XP level 1. HP: 16/16 MP: 1/1
   335 | D:1      | Reached skill level 3 in Long Blades
   338 | D:1      | Gained mutation: You regenerate a little health from kills.
                  | [demonic ancestry]
   338 | D:1      | Reached XP level 2. HP: 19/22 MP: 2/2
   372 | D:1      | Found a faded altar of an unknown god.
   690 | D:1      | Gained mutation: You have a pair of small horns on your
                  | head. [demonic ancestry]
   690 | D:1      | Reached XP level 3. HP: 25/27 MP: 3/3
  1263 | D:2      | Noticed Terence
  1272 | D:2      | Killed Terence
  1333 | D:2      | Reached skill level 4 in Long Blades
  1335 | D:2      | Reached XP level 4. HP: 21/33 MP: 4/4
  1881 | D:3      | Noticed Grinder
  1983 | D:3      | Paralysed by Grinder for 3 turns
  1994 | D:3      | Paralysed by Grinder for 2 turns
  1996 | D:3      | Killed Grinder
  1997 | D:3      | Reached skill level 5 in Long Blades
  1997 | D:3      | Gained mutation: A weak demonic guardian rushes to your
                  | aid. [demonic ancestry]
  1997 | D:3      | Reached XP level 5. HP: 28/38 MP: 5/5
  1997 | D:3      | Reached XP level 6. HP: 32/44 MP: 6/6
  2317 | D:4      | Noticed Edmund
  2753 | D:4      | Killed Edmund
  2754 | D:4      | Reached skill level 6 in Long Blades
  3030 | D:4      | Gained mutation: Your natural rate of healing is unusually
                  | fast. [potion of mutation]
  3030 | D:4      | Gained mutation: Your flesh is cold resistant. (rC+)
                  | [potion of mutation]
  3030 | D:4      | Gained mutation: Your body sometimes deteriorates upon
                  | taking damage. [potion of mutation]
  3032 | D:4      | HP: 2/44 [killer bee (7)]
  3032 | D:4      | Slain by a killer bee

Illustrated notes

Levels and vault maps discovered:
D:1:      ldierk_walled_garden, layout_rooms,
          hellmonk_ecumenical_altar_slurped_away
D:2:      layout_basic, corexii_corridor_pit, chequers_mini_garden, uniq_terence
D:3:      minmay_wonky_spiral, layout_rooms, minmay_goblin_kobold_house,
          uniq_grinder
D:4:      layout_rooms, portal_sewer_entry_d, uniq_edmund, uniq_eustachio

Skill      XL: |  1  2  3  4  5  6 |
---------------+-------------------+-----
Long Blades    | 3 4 5 6 |  6.1
Dodging        | 3 4 |  4.6
Fighting       | |  2.0
Throwing       | |  1.7

Action                   |  1- 3 |  4- 6 || total
-------------------------+-------+-------++-------
Melee: Long sword        |   100 |   127 ||   227
       Headbutt          |     1 |    19 ||    20
       Punch             |       |     1 ||     1
Throw: Throwing net      |       |     2 ||     2
  Use: Potion            |     1 |     4 ||     5
       Scroll            |       |     4 ||     4
 Stab: Sleeping          |       |     1 ||     1
Armor: Leather armour    |    31 |    23 ||    54
Dodge: Dodged            |    70 |    85 ||   155
